 Seeded DCSS version 0.30.1-9-gdf580d7c3d (webtiles) character file.

Game seed: 6351066067085065685 (custom seed)

12280 Esekla the Thaumaturge (level 11, -11/60 HPs)
             Began as a Deep Elf Wanderer on Oct 8, 2023.
             Was a High Priest of Vehumet.
             Killed from afar by Lodul (16 damage)
             ... with a bolt of lightning
             ... on level 11 of the Dungeon on Oct 9, 2023.
             The game lasted 01:27:38 (10699 turns).

Esekla the Thaumaturge (Deep Elf Wanderer)         Turns: 10699, Time: 01:27:38

Health: -11/60     AC:  7    Str: 11    XL:     11   Next: 60%
Magic:  30/40      EV: 13    Int: 23    God:    Vehumet [*****.]
Gold:   105        SH:  4    Dex: 11    Spells: 18/38 levels left

rFire   . . .        c - +5 scimitar
rCold   . . .        d - +0 buckler
rNeg    . . .        Q - +1 robe {Will+}
rPois   .            M - +1 helmet
rElec   .            F - +0 cloak
rCorr   .            h - +0 pair of gloves
SInv    .            (no boots)
Will    ++...        A - amulet of magic regeneration
Stlth   ++           m - ring of magical power
HPRegen 0.30/turn    J - ring of the Mage {Wiz Archmagi}
MPRegen 0.67/turn

%: wizardry (x1), archmagi
@: lethally poisoned (-11 -> -14), studying Fighting
A: no striking features
a: Renounce Religion


You were on level 11 of the Dungeon.
You worshipped Vehumet.
Vehumet was extremely pleased with you.
You visited 2 branches of the dungeon, and saw 12 of its levels.
You also visited: Bailey.

You collected 819 gold pieces.
You spent 714 gold pieces at shops.

Inventory:

Hand Weapons
 a - a +2 vampiric dagger
 c - a +5 scimitar (weapon)
 r - a +4 trident of venom
 s - the +5 rapier of the Hero {heavy, rN+ Dex+3}
   (You found it on level 3 of the Dungeon)

   Dex:       It affects your dexterity (+3).
   rN:        It protects you from negative energy.
 w - a +2 rapier of venom
 K - a +4 great sword
Missiles
 v - 49 poisoned darts (quivered)
 D - 5 boomerangs
 L - 6 curare-tipped darts
Armour
 d - a +0 buckler (worn)
 h - a +0 pair of gloves (worn)
 F - a +0 cloak (worn)
 M - a +1 helmet (worn)
 Q - a +1 robe of willpower (worn)
Jewellery
 m - a ring of magical power (left hand)
 A - an amulet of magic regeneration (around neck)
 J - the ring of the Mage (right hand) {Wiz Archmagi}
   (You bought it in a shop on level 2 of the Dungeon)

   [ring of wizardry]

   It improves your spell success rate.
   Archmagi:  It increases the power of your magical spells.
Wands
 n - a wand of roots (16)
 C - a wand of flame (6)
 H - a wand of mindburst (6)
Scrolls
 i - a scroll of vulnerability {unknown}
 k - a scroll of enchant armour
 l - 2 scrolls of amnesia {unknown}
 p - 2 scrolls of fog {unknown}
 u - 5 scrolls of blinking {unknown}
 x - 4 scrolls of enchant weapon
 y - 2 scrolls of silence
 z - a scroll of magic mapping
 B - 3 scrolls of fear
 E - 2 scrolls of teleportation
 G - 2 scrolls of poison
 I - 3 scrolls of noise {unknown}
 N - 2 scrolls of torment {unknown}
 O - 2 scrolls of acquirement
 P - 3 scrolls of identify
Potions
 b - 3 potions of lignification
 e - 3 potions of ambrosia {unknown}
 f - 6 potions of attraction {unknown}
 g - 4 potions of curing
 j - a potion of mutation
 o - 3 potions of haste
 q - 2 potions of brilliance
 t - 2 potions of heal wounds
 R - a potion of cancellation {unknown}


   Skills:
 * Level 3.5 Fighting
 + Level 3.6 Short Blades
 + Level 0.3(2.0) Long Blades
 + Level 1.0 Throwing
 * Level 6.6 Dodging
 + Level 3.2 Stealth
 + Level 2.3 Shields
 * Level 14.3 Spellcasting
 * Level 4.8 Conjurations
 * Level 8.5 Necromancy
 + Level 4.1 Translocations
 + Level 3.8 Transmutations
 + Level 3.6 Fire Magic
 + Level 5.2 Air Magic
 + Level 5.2 Poison Magic
 + Level 1.0 Invocations
 + Level 1.4 Evocations


You had 18 spell levels left.
You knew the following spells:

 Your Spells              Type           Power      Damage    Failure   Level
a - Magic Dart            Conj           100%       1d8       1%          1
b - Blink                 Tloc           100%       N/A       1%          2
d - Vampiric Draining     Necr           70%        2d11      1%          3
e - Shock                 Conj/Air       100%       1d9       1%          1
i - Iskenderun's Mystic   Conj/Tloc      53%        2d11      1%          4
n - Ignite Poison         Fire/Tmut/Pois 52%        N/A       1%          3
p - Apportation           Tloc           100%       N/A       1%          1
t - Teleport Other        Tloc           52%        N/A       1%          3
v - Poisonous Vapours     Pois/Air       100%       N/A       1%          2

Your spell library contained the following spells:

 Spells                   Type           Power      Damage    Failure   Level
 Iskenderun's Battlesphe  Conj           55%        2d11      2%          5
 Lesser Beckoning         Tloc           100%       N/A       1%          2
 Gell's Gravitas          Tloc           52%        N/A       1%          3
 Spider Form              Tmut/Pois      54%        N/A       1%          3
 Cause Fear               Hex            12%        N/A       21%         4
 Summon Mana Viper        Hex/Summ       24%        N/A       47%         5


Dungeon Overview and Level Annotations

Branches:
Dungeon (11/15)            Temple (0/1) D:6             Orc (1/2) D:10
 Bailey (visited)
   Lair: D:8-11

Altars:
Dithmenos
Fedhas
Hepliaklqana
Nemelex Xobeh
Okawaru
Qazlal
Ru
Trog
Uskayaw
Vehumet
Zin
The Shining One

Shops:
D:2 =   D:4 (

Annotations:
D:11 Lodul


Message History

The killer bee stings you but does no damage.
The killer bee attacks as you move away!
The killer bee barely misses you. The ogre attacks as you move away!
The ogre misses you.
You feel sick. The killer bee closely misses you.
Casting: Poisonous Vapours (safe; 1% risk of failure)
Confirm with . or Enter, or press ? or * to list all spells.
Aiming: Poisonous Vapours (safe; 1% risk of failure)
Press: ? - help, Dir - move target, f - basilisk, p - killer bee
Aim: a basilisk You feel a surge of power!
Poisonous vapours surround the basilisk!
The basilisk is poisoned.
You feel sick. The killer bee completely misses you.
The killer bee barely misses you.
Casting: Poisonous Vapours (safe; 1% risk of failure)
Confirm with . or Enter, or press ? or * to list all spells.
Aiming: Poisonous Vapours (safe; 1% risk of failure)
Press: ? - help, Dir - move target, f - cyclops
Aim: a cyclops, quivering large rocks You feel a surge of power!
Poisonous vapours surround the cyclops!
The cyclops is poisoned.
You feel sick.
You kill the killer bee!
Vehumet accepts your kill.
You feel your power returning.
A white imp comes into view.
Casting: Poisonous Vapours (safe; 1% risk of failure)
Confirm with . or Enter, or press ? or * to list all spells.
Aiming: Poisonous Vapours (safe; 1% risk of failure)
Press: ? - help, Dir - move target, f - Lodul, p - cyclops
Aim: Lodul, wielding a +4 dire flail of venom (moderately wounded, very poisoned)
You feel a surge of power!
Poisonous vapours surround Lodul!
Lodul looks as sick as possible!
You feel sick.
The ogre hits you with a +0 giant club!!
* * * LOW HITPOINT WARNING * * *
An earth elemental comes into view.
The white imp gestures at you. The puff of frost hits you!
* * * LOW HITPOINT WARNING * * *
Electricity crackles from Lodul's apparatus.
The bolt of lightning hits you!
You die...

.. .# ~## ##.# ..
... #.#####.#
.......### #
.......~...
#######....##~.~~
......C<##..5.~.~
......)OO@.#
....C.O#####
.##E##. #C #O .#
#. . #O #O


You could see Lodul (extremely poisoned), 2 cyclopes, an earth elemental, 2
ogres and a white imp.

Vanquished Creatures
  Harold (D:9)
  2 two-headed ogres
  Pikel (D:6)
  3 orc knights
  2 cyclopes (D:9)
  Joseph (D:7)
  A kobold demonologist (D:9)
  2 trolls (D:10)
  8 yaks (D:10)
  2 steam dragons
  2 wyverns
  Menkaure (D:7)
  An ice beast (D:6)
  A sky beast (D:6)
  11 orc warriors
  2 black bears
  4 ogres
  2 centaurs
  A phantom (D:7)
  Blork the orc (D:6)
  4 kobold brigands
  3 gnoll sergeants
  2 bullfrogs
  2 scorpions (D:5)
  10 wights
  12 killer bees
  2 howler monkeys (D:10)
  2 quasits (D:8)
  2 gnoll boudas
  6 hounds
  A jelly (D:6)
  Crazy Yiuf (D:7)
  4 orc priests (D:8)
  A sleepcap (D:5)
  5 iguanas
  7 orc wizards
  27 gnolls
  8 adders
  3 shadow imps (D:8)
  6 white imps
  4 ufetubi
  A worm (D:4)
  3 dart slugs
  51 orcs
  4 endoplasms
  9 goblins
  7 hobgoblins
  A quokka (D:1)
  6 ball pythons
  4 bats
  4 frilled lizards
  21 kobolds
  A rat (D:2)
273 creatures vanquished.

Notes
Turn   | Place    | Note
-------+----------+-------------------------------------------
     0 | D:1      | Esekla the Deep Elf Wanderer began the quest for the Orb.
     0 | D:1      | Esekla set off with the following items: a +0 club, a
                  | potion of lignification, a +0 robe, a +0 buckler; and the
                  | following spells available to memorise: Apportation, Blink,
                  | Lesser Beckoning, Magic Dart, Ignite Poison, Vampiric
                  | Draining.
     0 | D:1      | Reached XP level 1. HP: 10/10 MP: 7/7
     2 | D:1      | Learned a level 1 spell: Magic Dart
     4 | D:1      | Learned a level 1 spell: Apportation
   342 | D:4      | Found a radiant altar of Vehumet.
   351 | D:4      | Found an iron altar of Okawaru.
   362 | D:4      | Found a glowing silver altar of Zin.
   445 | D:4      | Became a worshipper of Vehumet
   637 | D:3      | Reached XP level 2. HP: 15/15 MP: 7/9
   640 | D:3      | Learned a level 2 spell: Blink
   825 | D:3      | Identified the +5 rapier of the Hero {heavy, rN+ Dex+3}
   859 | D:2      | Found Renulab's Jewellery Shop.
   989 | D:1      | Reached * piety under Vehumet
   989 | D:1      | Offered knowledge of Shock by Vehumet.
   993 | D:1      | Reached skill level 5 in Spellcasting
  1007 | D:1      | Reached skill level 1 in Necromancy
  1009 | D:1      | Learned a level 1 spell: Shock
  1069 | D:1      | Reached XP level 3. HP: 19/19 MP: 1/11
  1073 | D:1      | Learned a level 3 spell: Vampiric Draining
  1288 | D:1      | Reached skill level 1 in Short Blades
  1543 | D:2      | Noticed a black bear
  1908 | D:2      | Reached XP level 4. HP: 24/24 MP: 9/13
  1930 | D:2      | Found a faded altar of an unknown god.
  1981 | D:2      | Reached skill level 1 in Air Magic
  2009 | D:2      | Learned a level 3 spell: Teleport Other
  2213 | D:3      | Found a stormy altar of Qazlal.
  2224 | D:3      | Reached skill level 1 in Conjurations
  2230 | D:3      | Reached XP level 5. HP: 25/28 MP: 9/15
  2275 | D:3      | Found a bloodstained altar of Trog.
  2277 | D:3      | Found a hazy altar of Hepliaklqana.
  2418 | D:4      | Found Ponaysk's Antique Weapon Boutique.
  2531 | D:4      | Found a glowing golden altar of the Shining One.
  2677 | D:4      | Reached skill level 1 in Dodging
  2679 | D:4      | Reached skill level 6 in Spellcasting
  2686 | D:5      | Entered Level 5 of the Dungeon
  2689 | D:5      | Got the Parchment of the Lumpy Olives
  2721 | D:5      | Found a shadowy altar of Dithmenos.
  2923 | D:5      | Reached XP level 6. HP: 19/32 MP: 6/17
  3470 | D:5      | Offered knowledge of Poisonous Vapours by Vehumet.
  3474 | D:5      | Learned a level 2 spell: Poisonous Vapours
  3478 | D:5      | Learned a level 3 spell: Ignite Poison
  3650 | D:5      | Reached ** piety under Vehumet
  3832 | D:6      | Reached skill level 7 in Spellcasting
  3832 | D:6      | Reached XP level 7. HP: 36/36 MP: 16/19
  3918 | D:6      | Noticed Pikel
  4064 | D:6      | Reached skill level 1 in Transmutations
  4140 | D:6      | Found a staircase to the Ecumenical Temple.
  4250 | D:4      | Reached skill level 1 in Poison Magic
  4576 | D:2      | Reached skill level 1 in Fire Magic
  4898 | D:5      | Reached XP level 8. HP: 22/41 MP: 10/21
  5142 | D:7      | Found a runed translucent door.
  5143 | D:7      | Noticed Crazy Yiuf
  5149 | D:7      | Killed Crazy Yiuf
  5183 | D:7      | Reached skill level 8 in Spellcasting
  5268 | D:7      | Noticed Menkaure
  5272 | D:7      | Killed Menkaure
  5272 | D:7      | Offered knowledge of Inner Flame by Vehumet.
  5599 | D:6      | Killed Pikel
  5600 | D:6      | Reached skill level 9 in Spellcasting
  5600 | D:6      | Reached skill level 5 in Necromancy
  5600 | D:6      | Reached XP level 9. HP: 45/45 MP: 18/24
  5681 | D:6      | Found a blossoming altar of Fedhas.
  5796 | D:6      | Reached *** piety under Vehumet
  5884 | D:6      | Noticed Blork the orc
  5887 | D:6      | Killed Blork the orc
  6211 | D:7      | Noticed Joseph
  6538 | D:7      | Offered knowledge of Iskenderun's Mystic Blast by Vehumet.
  6546 | D:7      | Learned a level 4 spell: Iskenderun's Mystic Blast
  6557 | D:8      | Reached skill level 10 in Spellcasting
  6721 | D:8      | Noticed a two-headed ogre
  6750 | D:7      | Killed Joseph
  7054 | D:8      | Found a transporter.
  7055 | D:8      | Found a transporter.
  7056 | D:8      | Found a transporter.
  7089 | D:8      | Reached **** piety under Vehumet
  7106 | D:8      | Killed a two-headed ogre
  7107 | D:8      | Reached skill level 5 in Dodging
  7107 | D:8      | Reached skill level 11 in Spellcasting
  7107 | D:8      | Reached XP level 10. HP: 49/50 MP: 19/27
  7117 | D:8      | Found a hide-covered altar of Uskayaw.
  7146 | D:8      | Found a transporter.
  7321 | D:8      | Offered knowledge of Yara's Violent Unravelling by Vehumet.
  7958 | D:9      | Found a flagged portal.
  8026 | Bailey   | Entered a bailey
  8167 | Bailey   | Identified the +2 bardiche of Puhoisos {heavy, rElec
                  | Stlth+}
  8330 | Bailey   | Noticed an orc knight
  8330 | Bailey   | Noticed an orc knight
  8374 | Bailey   | Killed an orc knight
  8375 | Bailey   | Reached skill level 12 in Spellcasting
  8382 | Bailey   | Killed an orc knight
  8548 | D:9      | Noticed Harold
  8599 | D:9      | Reached skill level 1 in Evocations
  8606 | D:9      | Found a sparkling altar of Nemelex Xobeh.
  8633 | D:9      | Noticed a two-headed ogre
  8636 | D:9      | Killed a two-headed ogre
  8637 | D:9      | Reached skill level 1 in Fighting
  8637 | D:9      | Reached skill level 1 in Throwing
  8890 | D:9      | Reached ***** piety under Vehumet
  8902 | D:9      | Noticed a cyclops
  8906 | D:9      | Killed a cyclops
  8907 | D:9      | Reached XP level 11. HP: 57/57 MP: 29/29
  8947 | D:9      | Offered knowledge of Iskenderun's Battlesphere by Vehumet.
  8948 | D:9      | Reached skill level 13 in Spellcasting
  9202 | D:9      | Killed Harold
  9390 | D:10     | Entered Level 10 of the Dungeon
  9513 | D:10     | Found a sacrificial altar of Ru.
  9777 | D:10     | Reached skill level 5 in Air Magic
  9785 | D:10     | Reached skill level 14 in Spellcasting
  9840 | D:10     | Found a staircase to the Orcish Mines.
  9935 | Orc:1    | Entered Level 1 of the Orcish Mines
  9937 | Orc:1    | Noticed an orc knight
  9944 | Orc:1    | Killed an orc knight
  9945 | Orc:1    | Reached skill level 5 in Poison Magic
 10466 | D:2      | Bought the ring of the Mage {Wiz Archmagi} for 714 gold
                  | pieces
 10466 | D:2      | Found the ring of the Mage {Wiz Archmagi}
 10690 | D:11     | Noticed Lodul
 10699 | D:11     | Killed from afar by Lodul

Illustrated notes

Levels and vault maps discovered:
D:1:      sevenhm_arrival_forest_fort_small_3, layout_rooms,
          chequers_serial_rivers_room_b, minmay_misc_feat_five
D:2:      layout_loops_ring, dreamdust_ecumenical_altar_angels_and_demons,
          serial_shops, shop
D:3:      layout_basic, grunt_temple_overflow_open, minmay_misc_feat_iff
D:4:      layout_basic, nicolae_overflow_quartered_altars, serial_shops,
          nicolae_diamond_shop
D:5:      layout_loops_ring, lemuel_doored_altar, minmay_misc_feat_rows,
          dreamdust_wishing_well
D:6:      layout_loops_cross, fedhas_altar_fruit_tree,
          minmay_temple_entry_glass, uniq_pikel, uniq_blork_the_orc
D:7:      layout_basic, uniq_menkaure, uniq_joseph, uniq_crazy_yiuf_cottage
D:8:      layout_basic, nicolae_uskayaw_dance_hall, serial_demonic,
          serial_demonic_d, serial_demonic_a, serial_demonic_c,
          serial_demonic_c, nicolae_diode_quadrants
D:9:      layout_irregular_city, kennysheep_little_box, enter_bailey_4,
          minmay_between, uniq_harold
D:10:     layout_basic, nicolae_ru_awakened_eye
D:11:     layout_rooms, hellmonk_lair_entry_icy, serial_ice, serial_ice_j,
          serial_ice_m, serial_ice_o, serial_ice_c, serial_ice_g, serial_ice_f,
          guppyfry_shop_earth, uniq_psyche, uniq_lodul
Orc:1:    layout_caves

Skill      XL: |  1  2  3  4  5  6  7  8  9 10 11 |
---------------+----------------------------------+-----
Spellcasting   | 5 6 7 9 11 12 14 | 14.3
Necromancy     | 1 2 3 4 5 6 7 8 |  8.5
Short Blades   | 1 2 3 |  3.6
Air Magic      | 1 2 3 4 5 |  5.2
Conjurations   | 1 3 4 |  4.8
Stealth        | 2 3 |  3.2
Dodging        | 1 2 3 5 6 |  6.6
Shields        | 2 |  2.3
Translocations | 3 4 |  4.1
Transmutations | 2 3 |  3.8
Poison Magic   | 2 3 4 5 |  5.2
Fire Magic     | 1 2 3 |  3.6
Evocations     | 1 |  1.4
Fighting       | 2 3 |  3.5
Throwing       | 1 |  1.0
Long Blades    | |  0.3
Invocations    | |  1.0

Action                     |  1- 3 |  4- 6 |  7- 9 | 10-12 || total
---------------------------+-------+-------+-------+-------++-------
  Melee: Short sword       |    13 |       |       |       ||    13
         Rapier            |    38 |    30 |    58 |    39 ||   165
         Dagger            |       |     6 |    85 |    11 ||   102
         Scimitar          |       |       |    12 |     4 ||    16
  Throw: Dart              |       |    15 |     4 |     8 ||    27
   Cast: Magic Dart        |    39 |    10 |    43 |    31 ||   123
         Apportation       |    28 |    29 |    18 |    31 ||   106
         Shock             |     2 |     9 |     6 |       ||    17
         Vampiric Draining |       |    16 |    42 |    34 ||    92
         Blink             |       |     1 |     4 |     2 ||     7
         Poisonous Vapours |       |     2 |    67 |    79 ||   148
         Ignite Poison     |       |       |    26 |    32 ||    58
         Teleport Other    |       |       |     3 |     4 ||     7
         Iskenderun's Myst |       |       |     2 |    14 ||    16
  Evoke: Wand              |       |       |    11 |    14 ||    25
    Use: Scroll            |     1 |       |    10 |       ||    11
         Potion            |       |       |     6 |       ||     6
   Stab: Sleeping          |     5 |     4 |     1 |     3 ||    13
 Armour: Robe              |    24 |     8 |    58 |    37 ||   127
  Dodge: Dodged            |    68 |    32 |   142 |   114 ||   356
  Block: Buckler           |    14 |    12 |    52 |    35 ||   113
